 Dungeon Crawl Stone Soup version 0.22.0-49-gab54619674 (webtiles) character file.

117 JedernureinKreuz the Conjurer (level 4, -9/24 HPs)
             Began as a Deep Elf Conjurer on Sept 7, 2018.
             Killed by divine providence
             ... invoked by an orc priest
              (14 damage)
             ... on level 3 of the Dungeon.
             The game lasted 00:11:13 (1457 turns).

JedernureinKreuz the Conjurer (Deep Elf Conjurer)   Turns: 1457, Time: 00:11:13

Health: -9/24      AC:  3    Str:  5    XL:     4   Next: 71%
Magic:  4/12       EV: 16    Int: 21    God:
Gold:   68         SH:  0    Dex: 15    Spells: 10/11 levels left

rFire    . . .     SeeInvis .   d - +1 spear (vamp)
rCold    . . .     Gourm    .   (no shield)
rNeg     . . .     Faith    .   a - +0 robe
rPois    .         Spirit   .   (no helmet)
rElec    .         Reflect  .   c - scarf {cloud immunity}
rCorr    .         Harm     .   (no gloves)
MR       .....                  n - +0 pair of boots
Stlth    ++........             (no amulet)
HPRegen  0.08/turn              i - +2 ring of evasion
MPRegen  0.13/turn              (no ring)

@: very slightly contaminated
A: no striking features
a: no special abilities


You were on level 3 of the Dungeon.
You were not hungry.

You visited 1 branch of the dungeon, and saw 3 of its levels.

You collected 68 gold pieces.

Inventory:

Hand Weapons
 d - a +1 vampiric spear (weapon)
 e - a +1 short sword of venom
 j - a +0 dagger
Missiles
 p - a throwing net (quivered)
Armour
 a - a +0 robe (worn)
 c - a scarf of cloud immunity (worn)
 n - a +0 pair of boots (worn)
Jewellery
 i - a +2 ring of evasion (left hand)
Scrolls
 g - 5 scrolls of identify {unknown}
 k - 3 scrolls of teleportation {unknown}
 l - a scroll of blinking {unknown}
 o - a scroll of enchant armour {unknown}
Potions
 h - 2 potions of might {unknown}
 m - a potion of flight {unknown}
Comestibles
 b - 6 chunks of flesh
 f - 6 rations


   Skills:
 + Level 1.1 Polearms
 + Level 3.4 Dodging
 + Level 3.5 Stealth
 + Level 4.0 Spellcasting
 + Level 5.0 Conjurations


You had 10 spell levels left.
You knew the following spells:

 Your Spells              Type           Power        Failure   Level  Hunger
a - Magic Dart            Conj           ####         1%          1    None

Your spell library contained the following spells:

 Spells                   Type           Power        Failure   Level  Hunger
 Searing Ray              Conj           ####..       2%          2    #......
 Dazzling Spray           Conj/Hex       ##....       13%         3    ###....
 Iskenderun's Mystic Bla  Conj           ####....     16%         4    ####...
 Force Lance              Conj/Tloc      ##......     38%         4    ####...
 Fulminant Prism          Conj/Hex       ##........   38%         4    ####...


Dungeon Overview and Level Annotations

Branches:
Dungeon (3/15)

Altars:
Makhleb
Trog
The Shining One


Message History

The magic dart hits the jackal.
You kill the jackal!
The jackal closely misses you.
You closely miss the jackal.
The jackal is severely wounded.
The jackal barely misses you.
The orc priest invokes the aid of Beogh against you.
Beogh smites you!
* * * LOW HITPOINT WARNING * * *
Casting: Magic Dart (safe; 1% risk of failure)
Confirm with . or Enter, or press ? or * to list all spells.
Aiming: Magic Dart (safe; 1% risk of failure)
Press: ? - help, Shift-Dir - straight line, f/p - jackal
Aim: a jackal (severely wounded)
The magic dart hits the jackal.
You kill the jackal!
The orc priest calls down the wrath of Beogh upon you.
Beogh smites you!
Ouch! That really hurt!
You die...

###########
#.........#
...########.#######.#
..l.ooo†@(..# #####.#
...############..##.#
#.......##.#####
#.............
.......#..#####.
....#..#...####
......###.....# .
...# ##..#<# ....#
##...#


You could see an orc priest, 2 orcs and a frilled lizard.

Vanquished Creatures
  A hound (D:2)
  2 adders (D:2)
  2 oozes
  A dart slug (D:2)
  A leopard gecko (D:1)
  An orc (D:3)
  7 bats
  2 giant cockroaches
  10 goblins
  5 hobgoblins
  2 jackals (D:3)
  13 kobolds
  2 frilled lizards
  6 rats
55 creatures vanquished.

Notes
Turn   | Place    | Note
-------+----------+-------------------------------------------
     0 | D:1      | JedernureinKreuz the Deep Elf Conjurer began the quest for
                  | the Orb.
     0 | D:1      | Reached XP level 1. HP: 10/10 MP: 6/6
    60 | D:1      | Reached XP level 2. HP: 13/15 MP: 2/8
   353 | D:1      | Reached XP level 3. HP: 19/19 MP: 2/9
   815 | D:2      | Found a burning altar of Makhleb.
   821 | D:2      | Reached XP level 4. HP: 11/24 MP: 3/11
   913 | D:2      | Reached skill level 1 in Polearms
  1119 | D:2      | Reached skill level 5 in Conjurations
  1273 | D:2      | Found a bloodstained altar of Trog.
  1415 | D:3      | Found a glowing golden altar of the Shining One.
  1457 | D:3      | Killed from afar by an orc priest

Skill      XL: |  1  2  3  4 |
---------------+-------------+-----
Stealth        | 3 |  3.5
Dodging        | 3 |  3.4
Polearms       | 1 |  1.1
Conjurations   | 5 |  5.0
Spellcasting   | 4 |  4.0

Action                   |  1- 3 |  4- 6 || total
-------------------------+-------+-------++-------
Melee: Spear             |    28 |     6 ||    34
 Cast: Magic Dart        |    50 |    45 ||    95
 Stab: Sleeping          |     2 |       ||     2
  Eat: Ration            |     1 |     1 ||     2
Armor: Robe              |     5 |     4 ||     9
Dodge: Dodged            |    24 |    12 ||    36
